 Dungeon Crawl Stone Soup version 0.32-a0-136-gc02482bde3 (webtiles) character file.

Game seed: 10779394475305853932

149 whatisthis the Gusty (level 5, -12/28 HPs)
             Began as a Tengu Air Elementalist on Feb 10, 2024.
             Mangled by an ogre
             ... wielding a +0 giant club
              (22 damage)
             ... on level 4 of the Dungeon.
             The game lasted 00:08:13 (3635 turns).

whatisthis the Gusty (Tengu Air Elementalist)       Turns: 3635, Time: 00:08:14

Health: -12/28     AC:  2    Str:  8    XL:     5   Next: 31%
Magic:  7/10       EV: 27    Int: 17    God:
Gold:   165        SH:  0    Dex: 15    Spells: 4/10 levels left

rFire   . . .        c - +2 dagger (speed)
rCold   . . .        (no shield)
rNeg    . . .        a - +0 robe
rPois   .            (helmet restricted)
rElec   .            (no cloak)
rCorr   .            (no gloves)
SInv    .            (boots unavailable)
Will    +....        (no amulet)
Stlth   ++           q - ring of willpower
HPRegen 0.24/turn    (no ring)
MPRegen 0.12/turn

%: acrobat
@: swift, acrobatic, very quick
A: beak, talons 3, acrobatic
a: no special abilities


You were on level 4 of the Dungeon.
You visited 1 branch of the dungeon, and saw 4 of its levels.

You collected 165 gold pieces.

Inventory:

Hand Weapons
 c - a +2 dagger of speed (weapon)
Armour
 a - a +0 robe (worn)
Jewellery
 q - a ring of willpower (left hand)
Wands
 r - a wand of flame (15)
Scrolls
 d - 3 scrolls of noise {unknown}
 e - 2 scrolls of vulnerability {unknown}
 f - a scroll of fear {unknown}
 h - 7 scrolls of identify {unknown}
 i - 2 scrolls of amnesia {unknown}
 m - a scroll of immolation {unknown}
 o - a scroll of fog {unknown}
Potions
 b - a potion of magic
 g - 6 potions of curing {unknown}
 j - 3 potions of heal wounds {unknown}
 k - a potion of haste {unknown}
 l - a potion of mutation {unknown}
 n - 2 potions of enlightenment {unknown}
 s - a potion of invisibility {unknown}


   Skills:
 - Level 2.1 Dodging
 - Level 2.0 Stealth
 + Level 3.2 Spellcasting
 + Level 3.9 Conjurations
 + Level 5.5 Air Magic


You had 4 spell levels left.
You knew the following spells:

 Your Spells              Type           Power      Damage    Failure   Level
a - Shock                 Conj/Air       72%        1d7       2%          1
b - Static Discharge      Conj/Air       36%        3-5/arc   3%          2
c - Swiftness             Air            21%        N/A       5%          3

Your spell library contained the following spells:

 Spells                   Type           Power      Damage    Failure   Level
 Airstrike                Air            10%        2d(2-18)  19%         4


Dungeon Overview and Level Annotations

Branches:
Dungeon (4/15)
 Temple: D:4-7

Altars:

Shops:
D:3 (


Innate Abilities, Weirdness & Mutations

You have a beak for a mouth.
You have claws for feet.
You can magically evade attacks while moving or waiting.


Message History

Throw: 4 darts (atropa)
Press: ? - help, Q - select action, (/) - cycle Shift-Dir - straight line, f - ogre
Aim: an ogre, wielding a +0 giant club (71% to hit, chance to blind on hit: 41%)
Okay, then.
Unknown command.
Throw: 4 darts (atropa)
Press: ? - help, Q - select action, (/) - cycle Shift-Dir - straight line, f - ogre
Aim: an ogre, wielding a +0 giant club (71% to hit, chance to blind on hit: 41%)
You throw an atropa-tipped dart.
The atropa-tipped dart barely misses the ogre.
The ogre barely misses you.
Throw: 3 darts (atropa)
Press: ? - help, Q - select action, (/) - cycle Shift-Dir - straight line, f/p - ogre
Aim: an ogre, wielding a +0 giant club (71% to hit, chance to blind on hit: 41%)
You throw an atropa-tipped dart. The atropa-tipped dart hits the ogre.
The ogre resists.
Unknown command.
Throw: 2 darts (atropa)
Press: ? - help, Q - select action, (/) - cycle Shift-Dir - straight line, f/p - ogre
Aim: an ogre, wielding a +0 giant club (71% to hit, chance to blind on hit: 41%)
You throw an atropa-tipped dart. The atropa-tipped dart hits the ogre.
The ogre resists.
The ogre closely misses you.
Unknown command.
Throw: dart (atropa)
Press: ? - help, Q - select action, (/) - cycle Shift-Dir - straight line, f/p - ogre
Aim: an ogre, wielding a +0 giant club (71% to hit, chance to blind on hit: 41%)
You throw an atropa-tipped dart. The atropa-tipped dart hits the ogre.
The ogre resists.
The ogre hits you with a +0 giant club!!
Ouch! That really hurt!
Unknown command.
Okay, then.
Sorry, you're not good enough to have a special ability.
Casting: Shock (safe; 2% risk of failure)
Confirm with . or Enter, or press ? or * to list all spells.
You feel quick.
The ogre hits you with a +0 giant club!!
Ouch! That really hurt!
You die...

.# .# # ###.###
#.########.....####
#.................#
#................##
##..(.....(.<.......
#.......... .#
##....##..####...
#.......## ..
#.....<.## #!......#
.[##...## ..##.....
#....


You could see an ogre.

Vanquished Creatures
  A bombardier beetle (D:3)
  4 adders
  A dart slug (D:1)
  11 orcs (D:3)
  5 ball pythons
  3 bats
  5 endoplasms
  2 giant cockroaches
  7 goblins
  8 hobgoblins
  3 jackals
  3 quokkas
  3 kobolds
  5 rats
61 creatures vanquished.

Notes
Turn   | Place    | Note
-------+----------+-------------------------------------------
     0 | D:1      | whatisthis the Tengu Air Elementalist began the quest for
                  | the Orb.
     0 | D:1      | Reached XP level 1. HP: 10/10 MP: 4/4
   349 | D:1      | Reached XP level 2. HP: 15/15 MP: 4/6
   381 | D:1      | Learned a level 2 spell: Static Discharge
   548 | D:1      | You fall into a shaft and drop 1 floor!
  1330 | D:1      | Reached XP level 3. HP: 19/19 MP: 5/7
  1794 | D:2      | Found a faded altar of an unknown god.
  2284 | D:3      | Reached XP level 4. HP: 24/24 MP: 3/9
  2461 | D:3      | Reached skill level 5 in Air Magic
  2821 | D:3      | Identified the +0 leather armour of Ihol {rN+}
  2910 | D:3      | Found Ziorexuil's Weapon Boutique.
  3063 | D:3      | Reached XP level 5. HP: 28/28 MP: 3/10
  3202 | D:3      | Learned a level 3 spell: Swiftness
  3623 | D:4      | Noticed an ogre
  3635 | D:4      | Mangled by an ogre

Illustrated notes

Levels and vault maps discovered:
D:1:      dpeg_arrival_yet_another_circle, layout_basic, serial_aquarium,
          aquarium_bridge_square [aquarium_subvault_balcony,
          aquarium_subvault_bridge, aquarium_subvault_bridge,
          aquarium_subvault_bridge], aquarium_window_1, aquarium_window_fake,
          aquarium_window_1, aquarium_view_2c, aquarium_balcony_5b,
          aquarium_pool_2, hex_large
D:2:      layout_rooms, hellmonk_ecumenical_altar_arch_garden
D:3:      layout_basic, serial_glass, glass_columns_a, glass_columns_a,
          glass_columns_c, glass_columns_a, glass_columns_b, glass_columns_a,
          serial_shops, nicolae_shop_bloodbath_and_beyond,
          guppyfry_early_orc_mine
D:4:      layout_layer_cave, lemuel_round_altar, minmay_misc_feat_chi, uniq_ijyb

Skill      XL: |  1  2  3  4 |
---------------+-------------+-----
Conjurations   | 2 3 |  3.9
Air Magic      | 5 |  5.5
Spellcasting   | 3 |  3.2
Dodging        | |  2.1
Stealth        | |  2.0

Action                     |  1- 3 |  4- 6 || total
---------------------------+-------+-------++-------
  Throw: Dart              |       |     4 ||     4
   Cast: Shock             |    76 |    61 ||   137
         Static Discharge  |     6 |     9 ||    15
         Swiftness         |       |     1 ||     1
 Armour: Robe              |    11 |    14 ||    25
  Dodge: Dodged            |    10 |    16 ||    26

Table legend: (Time is in decaauts)
 A = Elapsed time spent in this place.
 B = Non-inter-level travel time spent in this place.
 C = Inter-level travel time spent in this place.
 D = Time resting spent in this place.
 E = Time spent auto-exploring this place.
 F = Levels seen in this place.
 G = Mean time per level.
                   A        B        C        D        E       F      G
               +--------+--------+--------+--------+--------+-----+--------+
         Total |   3637 |   3482 |    155 |    884 |   1859 |   4 |  909.2 |
       Dungeon |   3637 |   3482 |    155 |    884 |   1859 |   4 |  909.2 |
               +--------+--------+--------+--------+--------+-----+--------+

Top non-repeatable levels by time:
     D:1: 1546 daAuts
     D:3: 1193 daAuts
     D:2: 880 daAuts
     D:4: 16 daAuts
